 Dungeon Crawl Stone Soup version 0.17-a0-737-gf0a300a (webtiles) character file.

408 PolkaDot the Vexing (level 6, -2/44 HPs)
             Began as a Vampire Enchanter on Apr 25, 2015.
             Slain by Crazy Yiuf
             ... wielding a +4 quarterstaff of chaos
              (17 damage)
             ... on level 3 of the Dungeon.
             The game lasted 00:05:28 (2211 turns).

PolkaDot the Vexing (Vampire Enchanter)             Turns: 2211, Time: 00:05:28

Health: -2/44      AC:  4    Str:  7    XL:     6   Next: 57%
Magic:  3/9        EV: 12    Int: 20    God:
Gold:   99         SH:  0    Dex: 14    Spells: 3 memorised, 3 levels left

rFire  . . .     SeeInvis +     g - +2 dagger (speed)
rCold  + + .     Clarity  .     b - +1 robe
rNeg   + + +     SustAb   .     (no shield)
rPois  +         Gourm    .     (no helmet)
rElec  .         Spirit   .     (no cloak)
rCorr  .         Warding  .     (no gloves)
rMut   .         Stasis   .     r - +0 pair of boots
MR     .....                    (no amulet)
Stlth  ++++......               (no ring)
                                (no ring)

@: regenerating slowly, not resistant to hostile enchantments, stealthy
A: fangs 3, see invisible, unbreathing
a: Bat Form


You were on level 3 of the Dungeon.
You were near bloodless.

You visited 1 branch of the dungeon, and saw 3 of its levels.

You collected 99 gold pieces.

Inventory:

Hand weapons
 g - a +2 dagger of speed (weapon)
Armour
 b - a +1 robe (worn)
 r - a +0 pair of boots (worn)
Jewellery
 s - an uncursed ring of protection from fire {unknown}
Scrolls
 a - a scroll of noise {unknown}
 h - 2 scrolls of magic mapping {unknown}
 i - a scroll of blinking {unknown}
 l - a scroll of remove curse {unknown}
 m - a scroll of random uselessness {unknown}
 p - 2 scrolls of identify {unknown}
Potions
 d - a potion of blood {@*1}
 e - 2 potions of magic {unknown}
 f - a potion of agility {unknown}
 j - 2 potions of restore abilities {unknown}
 k - a potion of poison {unknown}
 n - a potion of curing {unknown}
 o - a potion of heal wounds {unknown}
 q - a potion of invisibility {unknown}
Books
 c - a book of Maledictions

   Spells                             Type                      Level
   a - Corona                         Hexes                        1
   b - Ensorcelled Hibernation        Hexes/Ice                    2
   c - Confuse                        Hexes                        3
   d - Tukima's Dance                 Hexes                        3
   e - Dazzling Spray                 Conjuration/Hexes            3


   Skills:
 + Level 2.2 Fighting
 - Level 3.4 Short Blades
 - Level 2.1 Dodging
 - Level 6.2 Stealth
 - Level 2.0 Spellcasting
 - Level 7.7 Hexes
 - Level 1.0 Ice Magic


You had 3 spell levels left.
You knew the following spells:

 Your Spells              Type           Power        Failure   Level  Hunger
a - Corona                Hex            ####...      1%          1    #......
c - Confuse               Hex            ####....     1%          3    ###....
d - Ensorcelled Hibernat  Hex/Ice        ###...       4%          2    ##.....


Dungeon Overview and Level Annotations

Branches:
Dungeon (3/15)

Altars:
Elyvilon
Yredelemnul

Annotations:
D:3 Crazy Yiuf


Innate Abilities, Weirdness & Mutations

You heal slowly.
You have razor-sharp teeth.
You have supernaturally acute eyesight.
You can survive without breathing.


Message History

Crazy Yiuf hits you with a quarterstaff of chaos.
Casting: Ensorcelled Hibernation
Confirm with . or Enter, or press ? or * to list all spells.
Aiming: Ensorcelled Hibernation
Press: ? - help, Shift-Dir - straight line, f/p - Crazy Yiuf
Aim: Crazy Yiuf, wielding a quarterstaff of chaos and wearing a glowing cloak (chance 58%) Crazy Yiuf resists with almost no effort.
Crazy Yiuf hits you with a quarterstaff of chaos!
* * * LOW HITPOINT WARNING * * *
Casting: Ensorcelled Hibernation
Confirm with . or Enter, or press ? or * to list all spells.
Aiming: Ensorcelled Hibernation
Press: ? - help, Shift-Dir - straight line, f/p - Crazy Yiuf
Aim: Crazy Yiuf, wielding a quarterstaff of chaos and wearing a glowing cloak (chance 58%) Crazy Yiuf resists with almost no effort.
* * * LOW MAGIC WARNING * * *
Crazy Yiuf hits you with a quarterstaff of chaos!
* * * LOW HITPOINT WARNING * * *
You are electrocuted!
You die...

..#
....####).).####.#
'## g... #...)# .#
.$. #PP.P# .# .
##.P.# .# ##.## .#
##.# .# #.## .#
##.# .# #@## .#
#g# .# #...# .#
#...# .# #)..# .#
##### .# .# .#


You could see Crazy Yiuf.

Vanquished Creatures
  The ghost of KarvaRausku the Chucker, an average OgAM of Okawaru (D:3)
  Purgy (D:3)
  Ijyb (D:2)
  Jessica (D:2)
  5 adders (D:2)
  A giant gecko (D:3)
  An orc (D:3)
  7 ball pythons (D:2)
  3 giant cockroaches
  5 goblins
  10 hobgoblins
  5 jackals (D:3)
  6 kobolds
  11 bats
  4 giant newts
  4 rats
  A spectral orc (D:3)
67 creatures vanquished.

Vanquished Creatures (others)
  4 toadstools (D:1)
4 creatures vanquished.

Grand Total: 71 creatures vanquished

Notes
Turn   | Place    | Note
--------------------------------------------------------------
     0 | D:1      | PolkaDot, the Vampire Enchanter, began the quest for the Orb.
     0 | D:1      | Reached XP level 1. HP: 13/13 MP: 3/3
   209 | D:1      | Reached XP level 2. HP: 16/19 MP: 5/5
   298 | D:1      | Reached skill level 5 in Hexes
   360 | D:1      | Learned a level 2 spell: Ensorcelled Hibernation
   428 | D:1      | Reached skill level 1 in Ice Magic
   726 | D:2      | Reached XP level 3. HP: 20/24 MP: 6/6
   980 | D:2      | Found a white marble altar of Elyvilon.
  1029 | D:2      | Noticed Ijyb
  1033 | D:2      | Killed Ijyb
  1033 | D:2      | Reached skill level 1 in Fighting
  1038 | D:2      | Learned a level 3 spell: Confuse
  1058 | D:2      | Reached XP level 4. HP: 32/32 MP: 7/7
  1139 | D:2      | Reached skill level 5 in Stealth
  1439 | D:2      | Noticed Jessica
  1442 | D:2      | Killed Jessica
  1442 | D:2      | Reached XP level 5. HP: 36/38 MP: 8/8
  1609 | D:3      | Reached skill level 6 in Hexes
  1664 | D:3      | Found a basalt altar of Yredelemnul.
  1680 | D:3      | Noticed Purgy
  1694 | D:3      | Killed Purgy
  1977 | D:3      | Noticed KarvaRausku's ghost (average OgAM)
  1992 | D:3      | Killed KarvaRausku's ghost
  1992 | D:3      | Reached skill level 7 in Hexes
  1992 | D:3      | Reached XP level 6. HP: 38/44 MP: 5/9
  2198 | D:3      | Noticed Crazy Yiuf
  2211 | D:3      | Slain by Crazy Yiuf

Action                   |  1- 3 |  4- 6 || total
-------------------------+-------+-------++-------
Melee: Dagger            |    91 |    92 ||   183
 Cast: Corona            |     1 |       ||     1
       Ensorcelled Hiber |     2 |     5 ||     7
       Confuse           |       |     1 ||     1
 Stab: Sleeping          |    13 |    14 ||    27
       Distracted        |       |     1 ||     1
       Confused          |       |     2 ||     2
